 Dungeon Crawl Stone Soup version 0.31-a0-472-g43a2ca8e1b (webtiles) character file.

Game seed: 12123131542047597020

2 Ethylacetat the Ruffian (level 1, 0/13 HPs)
             Began as an Octopode Shapeshifter on Aug 6, 2023.
             Slain by a kobold
             ... wielding a +0 dagger
              (3 damage)
             ... on level 1 of the Dungeon.
             The game lasted 00:00:06 (26 turns).

Ethylacetat the Ruffian (Octopode Shapeshifter)       Turns: 26, Time: 00:00:07

Health: 0/13       AC:  1    Str: 14    XL:     1   Next: 40%
Magic:  1/1        EV: 13    Int: 10    God:
Gold:   0          SH:  0    Dex: 12    Spells: 0/0 levels left

rFire   . .          .
                       - Unarmed
rCold   . . .        (no shield)
rNeg    . . .        (helmet currently unavailable)
rPois   .            (no amulet)
rElec   .            (no ring)
rCorr   .            (no ring)
SInv    .            (no ring)
Will    .....        (no ring)
Stlth   ++           (no ring)
HPRegen 0.22/turn    (no ring)
MPRegen 0.07/turn    (no ring)
                     (no ring)

%: no passive effects
@: beast-form
A: beast (slay +2), almost no armour, amphibious, 8 rings, camouflage 1,
gelatinous body 1, (nimble swimmer 1), tentacles
a: Begin Untransformation


You were on level 1 of the Dungeon.
You were a hulking beast.
You visited 1 branch of the dungeon, and saw 1 of its levels.

Inventory:

Talismans
 b - a beast talisman (active)
Potions
 a - a potion of lignification


   Skills:
 + Level 1.1 Fighting
 + Level 2.0 Dodging
 + Level 3.0 Unarmed Combat
 + Level 3.0 Shapeshifting


You couldn't memorise any spells.
You didn't know any spells.
Your spell library was empty.

Dungeon Overview and Level Annotations

Branches:
Dungeon (1/15)

Altars:


Innate Abilities, Weirdness & Mutations

You are a hulking beast.
Your limbs bulge with bestial killing power. (Slay +2)
You cannot wear most types of armour.
You are amphibious.
You can wear up to eight rings at the same time.
Your skin changes colour to match your surroundings (Stealth+).
Your rubbery body absorbs attacks. (AC +1, EV +1)
((You are camouflaged when in or above water. (Stealth+)))
You have tentacles for arms and can constrict up to eight enemies at once.


Message History

A goblin comes into view. It is wielding a +0 dagger.
You see here a quokka corpse.
A quokka comes into view.
There are monsters nearby!
A kobold comes into view. It is wielding a +0 dagger.
The goblin shouts!
The goblin hits you with a +0 dagger. The quokka bites you.
You closely miss the quokka.
The kobold shouts!
Your grab misses the quokka. Your squeeze misses the quokka.
The goblin misses you. The quokka closely misses you.
You miss the quokka. You grab the quokka. You constrict the quokka.
The goblin misses you. The quokka barely misses you.
You tentacle-slap the quokka.
The quokka is severely wounded.
You constrict the quokka, but do no damage.
The goblin barely misses you. The quokka misses you.
You tentacle-slap the quokka.
You kill the quokka!
The goblin barely misses you.
You tentacle-slap the kobold. Your grab misses the kobold.
The kobold is heavily wounded.
The kobold hits you with a +0 dagger. The goblin hits you with a +0 dagger.
* * * LOW HITPOINT WARNING * * *
You are too injured to fight recklessly!
You are too injured to fight recklessly!
You are too injured to fight recklessly!
You are too injured to fight recklessly!
You are too injured to fight recklessly!
You closely miss the kobold. Your grab misses the kobold.
The kobold is heavily wounded.
The kobold hits you but does no damage. The goblin hits you but does no damage.
You closely miss the kobold. Your grab misses the kobold.
The kobold is heavily wounded.
The kobold barely misses you. The goblin misses you.
You tentacle-slap the kobold but do no damage.
Your grab misses the kobold.
The kobold is heavily wounded.
The kobold hits you with a +0 dagger.
You die...

#... ##.#
#...###..#
#...#..##
#..†.#
##...#
#...##
#..#.#
#..##.#
#.##.h# #.
#Kg# .
#..## .
...# #..#
###


You could see a goblin and a kobold.

Vanquished Creatures
  2 quokkas (D:1)
2 creatures vanquished.

Notes
Turn   | Place    | Note
-------+----------+-------------------------------------------
     0 | D:1      | Ethylacetat the Octopode Shapeshifter began the quest for
                  | the Orb.
     0 | D:1      | Reached XP level 1. HP: 13/13 MP: 1/1
    26 | D:1      | Slain by a kobold

Illustrated notes

Levels and vault maps discovered:
D:1:      dpeg_arrival_round_c, layout_loops_ring, serial_shops, shop

Action                     || total
---------------------------++-------
  Melee: Unarmed           ||    10
         Constrict         ||     1
         Tentacles         ||     1
 Armour: Skin              ||     2
  Dodge: Dodged            ||    11

Table legend: (Time is in decaauts)
 A = Elapsed time spent in this place.
 B = Non-inter-level travel time spent in this place.
 C = Inter-level travel time spent in this place.
 D = Time resting spent in this place.
 E = Time spent auto-exploring this place.
 F = Levels seen in this place.
 G = Mean time per level.
                   A        B        C        D        E       F      G
               +--------+--------+--------+--------+--------+-----+--------+
         Total |     25 |     25 |      0 |      0 |      7 |   1 |   25.0 |
       Dungeon |     25 |     25 |      0 |      0 |      7 |   1 |   25.0 |
               +--------+--------+--------+--------+--------+-----+--------+

Top non-repeatable levels by time:
     D:1: 25 daAuts
